 Dungeon Crawl Stone Soup version 0.20-a0-1101-g1de9d76 (console) character file.

37 nht the Insei (level 3, -1/25 HPs)
             Began as a Vampire Transmuter on May 4, 2017.
             Slain by a kobold
             ... wielding a +0 whip
              (5 damage)
             ... on level 2 of the Dungeon.
             The game lasted 00:00:43 (613 turns).

nht the Insei (Vampire Transmuter)                   Turns: 613, Time: 00:00:43

Health: -1/25      AC:  2    Str:  9    XL:     3   Next: 21%
Magic:  5/6        EV: 12    Int: 16    God:
Gold:   36         SH:  0    Dex: 14    Spells: 5/6 levels left

rFire    . . .     SeeInvis +     - Unarmed
rCold    . . .     Gourm    .   (no shield)
rNeg     . . .     Faith    .   b - +0 robe
rPois    .         Spirit   .   (no helmet)
rElec    .         Reflect  .   (no cloak)
rCorr    .         Harm     .   (no gloves)
MR       .....                  (boots currently unavailable)
Stlth    +.........             (no amulet)
Regen    0.3/turn               (no ring)
MPRegen  0.1/turn               (no ring)

@: lethally poisoned (-1 -> -1), appendage, regenerating quickly
A: fangs 3, talons 3, see invisible, unbreathing
a: End Transformation


You were on level 2 of the Dungeon.
You were full.
You had grown temporary talons.
You visited 1 branch of the dungeon, and saw 2 of its levels.

You collected 36 gold pieces.

Inventory:

Missiles
 a - 12 arrows
Armour
 b - a +0 robe (worn)
Scrolls
 e - a scroll of teleportation {unknown}
 h - a scroll of blinking {unknown}
Potions
 d - a potion of lignification {unknown}
 f - 2 potions of agility {unknown}
 g - a potion of curing {unknown}
 i - a potion of brilliance {unknown}
Books
 c - a book of Changes

   Spells                             Type                      Level
   a - Beastly Appendage              Transmutation                1
   b - Sticks to Snakes               Transmutation                2
   c - Spider Form                    Transmutation/Poison         3
   d - Ice Form                       Ice/Transmutation            4
   e - Blade Hands                    Transmutation                5


   Skills:
 - Level 0.8 Fighting
 - Level 2.1 Dodging
 * Level 4.2 Unarmed Combat
 - Level 2.0 Spellcasting
 + Level 3.0 Transmutations


You had 5 spell levels left.
You knew the following spells:

 Your Spells              Type           Power        Failure   Level  Hunger
a - Beastly Appendage     Tmut           ##....       6%          1    #......


Dungeon Overview and Level Annotations

Branches:
Dungeon (2/15)

Altars:


Innate Abilities, Weirdness & Mutations

Your natural rate of healing is unusually fast.
You have razor-sharp teeth.
You have supernaturally acute eyesight. (SInv)
You can survive without breathing.
You have claws for feet.


Message History

You miss the kobold. The kobold barely misses you.
You hit the kobold but do no damage. Your kick misses the kobold.
Your talons disappear.
The kobold hits you with a whip.
* * * LOW HITPOINT WARNING * * *
You hit the kobold.
The kobold is heavily wounded.
The kobold misses you.
Casting: Beastly Appendage
Confirm with . or Enter, or press ? or * to list all spells.
Your feet morph into talons.
You feel sick. The kobold hits you but does no damage.
You miss the kobold.
The kobold is heavily wounded.
The kobold hits you with a whip.
* * * LOW HITPOINT WARNING * * *
You closely miss the kobold.
The kobold is heavily wounded.
The kobold hits you with a whip.
You die...

█. █..█ ███
██..█. ..█
......███.█
......█.█.█
........█.███████
........█.......█
.......K@(█████
......███.█<..█
..... █...███.█
..<. █.......█
...


█████████ .> . You could see a kobold.

Vanquished Creatures
  An adder (D:2)
  3 dart slugs (D:1)
  A leopard gecko (D:1)
  2 giant cockroaches
  3 goblins (D:1)
  2 hobgoblins (D:1)
  2 jackals (D:1)
  2 frilled lizards (D:1)
  3 kobolds (D:1)
  A rat (D:1)
20 creatures vanquished.

Notes
Turn   | Place    | Note
-------+----------+-------------------------------------------
     0 | D:1      | nht the Vampire Transmuter began the quest for the Orb.
     0 | D:1      | Reached XP level 1. HP: 14/14 MP: 3/3
   111 | D:1      | Reached XP level 2. HP: 20/20 MP: 5/5
   297 | D:1      | Reached skill level 4 in Unarmed Combat
   602 | D:2      | Reached XP level 3. HP: 14/25 MP: 6/6
   613 | D:2      | Slain by a kobold

Vault maps used:
D:1:      eino_arrival_water_cross
D:2:      uniq_crazy_yiuf_cottage, uniq_sigmund

Skill      XL: |  1  2 |
---------------+-------+-----
Unarmed Combat | 4 |  4.2
Transmutations | 3 |  3.0
Fighting       | |  0.8
Dodging        | |  2.1
Spellcasting   | |  2.0

Action                   || total
-------------------------++-------
Melee: Unarmed           ||    78
       Headbutt          ||     1
       Bite              ||     4
       Kick              ||     3
 Cast: Beastly Appendage ||     6
  Use: Potion            ||     4
Armor: Robe              ||    13
Dodge: Dodged            ||    39
